Map: 匹昂台地

Players

平步青云 - Winner!

  • Race: Terran Terran

电脑难度(困难)

  • Race: Zerg Zerg

VOD

Have the link to the VOD?

Description

Time

  • Played on: Dec. 26, 2015, 9:14 a.m.
  • Length: 13:12
Show
View Real Time Build Order
Export as new Build Order

平步青云 Terran - Winner!

Build Orders:  

Get SALT Encoding   

  12  0:01  SCV  
  13  0:13  SCV  
  14  0:18  Supply Depot  
  14  0:25  SCV  
  15  0:40  SCV  
  16  0:51  Barracks  
  16  0:52  SCV  
  17  1:04  SCV  
  18  1:12  Refinery  
  18  1:16  SCV  
  19  1:28  SCV  
  20  1:40  Supply Depot  
  20  1:41  Marine  
  20  1:44  SCV  
  22  1:48  Refinery  
  22  1:56  SCV  
  23  2:01  Marine  
  24  2:16  Command Center  
  24  2:19  SCV  
  25  2:25  Marine  
  26  2:31  SCV  
  27  2:37  Factory  
  27  2:43  Marine  
  28  2:46  SCV  
  28  2:50  Supply Depot  
  29  3:13  Supply Depot, Orbital Command  
  29  3:21  Barracks Tech Lab  
  29  3:25  Refinery  
  29  3:28  Starport  
  29  3:31  SCV  
  30  3:39  Factory Tech Lab  
  30  3:42  Combat Shields  
  30  3:43  SCV  
  31  3:51  Refinery, Barracks  
  31  3:54  SCV  
  31  3:55  SCV  
  33  4:05  Marine  
  33  4:07  SCV  
  35  4:10  Siege Tank  
  35  4:13  SCV  
  39  4:19  SCV  
  40  4:25  SCV  
  40  4:30  Medivac  
  43  4:31  SCV  
  44  4:43  SCV  
  45  4:46  Barracks Reactor  
  45  4:49  Marauder  
  47  4:55  SCV  
  48  5:00  Siege Tank  
  51  5:07  SCV  
  51  5:13  SCV  
  53  5:20  SCV  
  54  5:22  Marine  
  54  5:23  Marine, Marauder  
  54  5:25  SCV  
  54  5:27  Medivac  
  61  5:32  SCV  
  62  5:40  Engineering Bay  
  62  5:43  Supply Depot  
  62  5:51  Supply Depot  
  62  6:05  SCV x2, Siege Tank  
  62  6:07  Supply Depot  
  67  6:14  Supply Depot  
  67  6:17  SCV  
  68  6:23  Medivac  
  68  6:25  Marine x2  
  71  6:27  Marauder  
  71  6:29  Supply Depot, SCV  
  75  6:37  SCV  
  78  6:42  Siege Tank  
  78  6:43  Marine x2  
  81  6:49  Marauder  
  81  6:53  Medivac  
  85  7:00  Marine  
  86  7:01  Marine  
  87  7:10  Marine  
  87  7:14  Siege Tank  
  91  7:18  Marine  
  92  7:28  Marauder  
  79  7:40  Marine  
  79  7:41  Marine  
  77  7:47  Medivac  
  77  7:49  Siege Tank, Marauder  
  81  7:58  Marine  
  81  7:59  Marine  
  83  8:11  Marauder  
  82  8:26  Medivac  
  77  8:39  Marine x2  
  77  8:40  Marauder  
  74  8:45  Siege Tank  
  77  8:56  Medivac  
  77  8:57  Marine x2  
  77  9:02  Marauder  
  81  9:26  Medivac  
  83  9:32  Marine x2  
  83  9:34  Marauder  
  84  9:39  Siege Tank  
  84  9:50  Marine x2  
  86  9:55  Marauder  
  86  9:56  Medivac  
  90  10:07  Marine  
  90  10:08  Marine  
  92  10:17  Marauder  
  92  10:19  Siege Tank  
  97  10:25  Medivac  
  99  10:51  Siege Tank  
  102  11:09  Supply Depot  
  102  11:22  Marine  
  102  11:25  Marine  
  102  11:27  Marauder  
  102  11:31  Supply Depot  
  102  11:40  Marine  
  102  11:42  Marine  
  104  11:48  Marauder  
  106  11:54  Supply Depot  
  105  12:17  Supply Depot  
  104  12:41  Supply Depot  
  104  12:48  Marine  
  104  12:49  Marauder, Marine  
  113  13:02  Supply Depot  
Show
View Real Time Build Order
Export as new Build Order

电脑难度(困难) Zerg 

Build Orders: Hatch First 

Get SALT Encoding   

  12  0:00  Drone  
  13  0:12  Overlord  
  13  0:17  Drone  
  14  0:30  Drone  
  14  0:32  Drone  
  14  0:34  Drone  
  17  0:53  Hatchery  
  17  0:55  Drone  
  17  1:10  Spawning Pool  
  16  1:12  Drone  
  16  1:15  Drone  
  18  1:19  Extractor  
  18  1:20  Drone  
  18  1:27  Overlord  
  18  1:38  Drone  
  19  1:58  Queen  
  19  1:59  Zergling x2  
  19  2:00  Zergling x2  
  19  2:01  Roach Warren  
  22  2:05  Drone  
  22  2:06  Extractor  
  22  2:15  Baneling Nest  
  21  2:19  Drone  
  22  2:24  Drone  
  22  2:28  Zergling x2  
  24  2:30  Zergling x2  
  24  2:36  Zergling x2  
  26  2:39  Drone  
  27  2:50  Roach  
  29  2:58  Overlord  
  29  3:02  Drone  
  29  3:03  Lair, Baneling  
  30  3:19  Extractor  
  29  3:21  Drone  
  29  3:25  Drone  
  31  3:28  Drone  
  31  3:32  Drone  
  33  3:36  Drone  
  33  3:38  Drone  
  35  3:45  Evolution Chamber  
  35  3:48  Drone  
  35  3:55  Evolution Chamber  
  35  3:56  Drone  
  35  4:01  Roach  
  37  4:05  Hydralisk Den  
  37  4:09  Overlord  
  36  4:11  Drone  
  36  4:16  Roach  
  39  4:29  Ravager  
  39  4:30  Roach  
  42  4:35  Overlord  
  42  4:43  Hydralisk  
  42  4:45  Drone  
  45  4:48  Drone  
  45  4:51  Drone  
  47  4:55  Drone  
  47  4:57  Hydralisk  
  47  4:58  Drone  
  51  5:00  Drone  
  51  5:05  Overlord  
  52  5:09  Drone  
  52  5:10  Hydralisk  
  52  5:11  Drone  
  56  5:14  Drone  
  56  5:17  Drone  
  56  5:19  Drone  
  59  5:22  Drone  
  59  5:24  Drone  
  61  5:28  Overlord  
  61  5:34  Drone  
  62  5:37  Metabolic Boost  
  62  5:38  Drone  
  63  5:43  Zerg Melee Weapons Level 1  
  63  5:44  Drone  
  63  5:45  Drone  
  63  5:47  Drone  
  63  5:48  Drone  
  67  5:50  Drone  
  67  5:55  Overlord  
  68  6:01  Drone  
  68  6:03  Zerg Ground Armor Level 1  
  69  6:06  Drone  
  70  6:11  Drone  
  70  6:15  Muscular Augments  
  70  6:16  Drone  
  70  6:17  Drone  
  73  6:20  Burrow  
  73  6:22  Roach  
  73  6:24  Overlord  
  75  6:35  Roach  
  77  6:44  Overlord  
  77  6:46  Overseer  
  77  6:48  Overseer  
  77  6:49  Roach  
  77  6:51  Spore Crawler  
  77  6:53  Spore Crawler  
  77  6:55  Spore Crawler  
  77  6:56  Drone  
  77  7:00  Spore Crawler, Drone  
  77  7:03  Roach, Queen  
  80  7:10  Overlord  
  80  7:15  Drone, Infestation Pit  
  80  7:16  Ravager x2, Hydralisk  
  80  7:19  Extractor  
  80  7:20  Drone  
  84  7:27  Spine Crawler  
  84  7:29  Hydralisk  
  80  7:30  Spine Crawler, Queen  
  80  7:33  Drone  
  73  7:37  Zerg Missile Weapons Level 1  
  73  7:42  Drone  
  73  7:43  Hydralisk  
  73  7:44  Drone  
  65  7:50  Drone  
  61  7:57  Roach  
  59  8:10  Drone  
  59  8:11  Roach  
  59  8:12  Drone, Roach  
  60  8:13  Drone  
  60  8:15  Drone  
  60  8:16  Drone  
  60  8:19  Drone  
  54  8:21  Drone x7  
  54  8:22  Drone x4  
  54  8:25  Roach  
  54  8:26  Drone, Spine Crawler  
  49  8:32  Drone  
  42  8:37  Drone  
  42  8:38  Zergling x2  
  42  8:41  Drone  
  42  8:44  Drone  
  42  8:48  Drone x4  
  42  8:52  Drone x3, Roach  
  42  8:55  Drone  
  42  8:58  Roach  
  42  9:01  Roach  
  44  9:03  Hydralisk  
  44  9:07  Roach  
  44  9:09  Hydralisk  
  41  9:12  Hatchery, Drone, Hydralisk  
  41  9:13  Drone, Roach  
  41  9:15  Hydralisk  
  41  9:19  Zergling x2  
  41  9:22  Zergling x2  
  42  9:37  Baneling  
  42  9:38  Spire  
  41  9:48  Zergling x2  
  42  9:58  Drone  
  43  10:01  Drone  
  43  10:05  Drone  
  45  10:08  Zergling x2  
  45  10:12  Zergling x2  
  47  10:15  Baneling  
  47  10:25  Drone  
  48  10:29  Drone  
  48  10:33  Drone  
  50  10:37  Drone  
  50  10:40  Drone  
  52  10:43  Drone  
  52  10:48  Zergling x2  
  47  10:50  Mutalisk  
  47  10:54  Zergling x2  
  47  10:59  Mutalisk  
  47  11:03  Hydralisk  
  51  11:06  Baneling  
  51  11:07  Zergling x2  
  51  11:16  Drone  
  52  11:19  Zergling x2  
  52  11:22  Zergling x2  
  45  11:30  Hydralisk  
  38  11:36  Mutalisk  
  40  11:40  Baneling, Zergling x2  
  40  11:43  Zergling x2  
  38  11:48  Hydralisk  
  40  11:55  Hydralisk  
  40  11:59  Zergling x2  
  37  12:03  Roach  
  37  12:06  Mutalisk  
  38  12:10  Zergling x2  
  38  12:13  Hydralisk  
  36  12:18  Baneling  
  16  12:42  Drone  
  11  12:54  Drone  
Tags
 
Add a new tag
Caveats
  • Supply blocks, unpowered buildings, or Contaminate may cause inaccurate times.
  • Supply counts are checked every 10 seconds.